 Dungeon Crawl Stone Soup version 0.22-a0-553-g9358b0b (webtiles) character file.

4454 glosham the Basher (level 10, -6/102 HPs)
             Began as an Ogre Venom Mage on June 25, 2018.
             Was an Initiate of Gozag.
             Mangled by a two-headed ogre
             ... wielding a +0 giant club
              (17 damage)
             ... on level 9 of the Dungeon.
             The game lasted 01:31:05 (5320 turns).

glosham the Basher (Ogre Venom Mage)                Turns: 5320, Time: 01:31:06

Health: -6/102     AC:  6    Str: 16    XL:     10   Next: 37%
Magic:  13/13      EV: 10    Int: 19    God:    Gozag
Gold:   938        SH:  0    Dex: 10    Spells: 10/13 levels left

rFire    . . .     SeeInvis +   a - +8 flail of Earthquakes {crush, Int+3}
rCold    . . .     Gourm    .   (no shield)
rNeg     . . .     Faith    .   X - +2 robe
rPois    .         Spirit   .   (helmet restricted)
rElec    .         Reflect  .   Y - +0 cloak
rCorr    .         Harm     .   (gloves unavailable)
MR       +....                  (boots unavailable)
Stlth    ++........             (no amulet)
HPRegen  0.27/turn              A - ring of see invisible
MPRegen  0.13/turn              (no ring)

@: no status effects
A: large, unfitting armour, tough skin 1
a: Potion Petition, Call Merchant, Bribe Branch, Renounce Religion


You were on level 9 of the Dungeon.
You worshipped Gozag.
Gozag was pleased with you.
You were not hungry.

You visited 1 branch of the dungeon, and saw 9 of its levels.

You collected 1627 gold pieces.
You spent 660 gold pieces at shops.
You paid 29 gold pieces to Gozag.

Inventory:

Hand Weapons
 a - the +8 flail of Earthquakes (weapon) {crush, Int+3}
   (You found it on level 3 of the Dungeon)

   It inflicts extra damage upon your enemies.
   It affects your intelligence (+3).
 b - a +5 giant club
Missiles
 d - 2 large rocks
 g - 8 tomahawks
 i - 4 javelins (quivered)
Armour
 X - a +2 robe (worn)
 Y - a +0 cloak (worn)
Jewellery
 A - a ring of see invisible (left hand)
 D - an uncursed ring of fire
Wands
 l - a wand of random effects (47)
 q - a wand of iceblast (20)
 w - a wand of clouds (3)
 y - a wand of enslavement (14)
 B - a wand of flame (20)
Scrolls
 f - 2 scrolls of blinking
 j - 5 scrolls of remove curse
 m - 2 scrolls of amnesia
 p - a scroll of immolation
 x - a scroll of teleportation
Potions
 c - 6 potions of heal wounds
 h - 2 potions of resistance
 k - 5 potions of curing
 n - 2 potions of brilliance
 o - 3 potions of flight
 r - 2 potions of ambrosia
 s - a potion of agility
 t - a potion of haste
 u - 2 potions of lignification
 v - a potion of magic {unknown}
 z - a potion of mutation {unknown}
Comestibles
 e - 14 rations


   Skills:
 - Level 7.1 Fighting
   Level 2.3(8.9) Axes
 * Level 12.1 Maces & Flails
 - Level 1.7 Dodging
 - Level 1.4 Stealth
 - Level 2.4 Spellcasting
 - Level 0.8 Conjurations
 - Level 2.6 Poison Magic


You had 10 spell levels left.
You knew the following spells:

 Your Spells              Type           Power        Failure   Level  Hunger
m - Mephitic Cloud        Conj/Pois/Air  #.......     30%         3    ###....

Your spell library contained the following spells:

 Spells                   Type           Power        Failure   Level  Hunger
 Venom Bolt               Conj/Pois      #.........   91%         5    ######.
 Olgreb's Toxic Radiance  Pois           ##......     47%         4    #####..
 Sting                    Conj/Pois      #...         8%          1    #......
 Poisonous Vapours        Pois/Air       #.....       14%         2    ##.....


Dungeon Overview and Level Annotations

Branches:
Dungeon (9/15)             Temple (0/1) D:6
   Lair: D:8-11         Orc: D:9-12

Altars:
Ashenzari
Elyvilon
Gozag
Okawaru
Sif Muna
Trog
Vehumet
Wu Jian
Zin

Shops:
D:5 !


Innate Abilities, Weirdness & Mutations

You are too large for most types of armour.
You have tough skin. (AC +1)


Message History

There is a radiant altar of Vehumet here.
There is a radiant altar of Vehumet here.
A two-headed ogre comes into view. It is wielding two giant clubs.
The two-headed ogre shouts in stereo!
Evoke which item? (* to show all) (? for menu, Esc to quit)
Okay, then.
Throwing (i - inventory. (/) - cycle)
i - 7 javelins
Press: ? - help, Shift-Dir - straight line, f - two-headed ogre
Aim: a two-headed ogre, wielding two giant clubs You throw a javelin.
The javelin hits the two-headed ogre but does no damage.
Throwing (i - inventory. (/) - cycle)
i - 6 javelins (quivered)
Press: ? - help, Shift-Dir - straight line, f/p - two-headed ogre
Aim: a two-headed ogre, wielding two giant clubs You throw a javelin.
The javelin barely misses the two-headed ogre.
Throwing (i - inventory. (/) - cycle)
i - 5 javelins (quivered)
Press: ? - help, Shift-Dir - straight line, f/p - two-headed ogre
Aim: a two-headed ogre, wielding two giant clubs You throw a javelin.
The javelin hits the two-headed ogre.
The two-headed ogre is lightly wounded.
You barely miss the two-headed ogre.
The two-headed ogre is lightly wounded.
You hit the two-headed ogre but do no damage.
The two-headed ogre is lightly wounded.
The two-headed ogre hits you with a giant club! x2
You hit the two-headed ogre.
The two-headed ogre is lightly wounded.
The two-headed ogre barely misses you.
The two-headed ogre hits you with a giant club!!
* * * LOW HITPOINT WARNING * * *
You thump the two-headed ogre!
The two-headed ogre is heavily wounded.
You hit the two-headed ogre but do no damage.
The two-headed ogre is heavily wounded.
The two-headed ogre hits you with a giant club!
* * * LOW HITPOINT WARNING * * *
The two-headed ogre hits you with a giant club!
You die...
Your body crumbles into a pile of gold.

#.#......# #.#......#
######.#......##
...............##
##.###.##.......#
.#.###......#...# #
##.#............###.#
..........#._.#....>###.
##.#.#.##.......@O.((...
#.#.#.##...#...###.###.
##.#.#.##.......#
.......####.#...#
...............##
##.#.#.#######.# #.#.#.#
#.# #.#.#.# #.# #)#....
#


You could see a two-headed ogre.

Vanquished Creatures
  Grinder (D:4)
  Sigmund (D:4)
  3 hogs (D:8)
  A human (D:8)
  A yak (D:8)
  A hungry ghost (D:8)
  The ghost of Defined the Magician, an amateur DrFE (D:3)
  Duvessa (D:4)
  3 sky beasts
  An orc warrior (D:6)
  An ice beast (D:6)
  3 ogres
  4 centaurs
  6 bullfrogs
  Dowan (D:4)
  3 scorpions
  A howler monkey (D:6)
  2 vampire bats (D:6)
  A centaur zombie (D:8)
  4 crimson imps
  A quasit (D:5)
  Crazy Yiuf (D:3)
  5 orc priests
  A bullfrog skeleton (D:4)
  2 orc wizards (D:5)
  2 centaur skeletons (D:7)
  6 hounds
  2 iguanas
  2 gnoll shamans
  3 worker ants
  A hound zombie (D:6)
  A hound skeleton (D:7)
  9 gnolls
  14 adders
  A howler monkey skeleton (D:4)
  A shadow imp (D:6)
  3 adder skeletons (D:4)
  A worm (D:3)
  4 leopard geckos
  32 orcs
  2 ball pythons (D:1)
  7 giant cockroaches
  13 goblins
  2 hobgoblins (D:1)
  3 jackals (D:6)
  12 kobolds
  3 quokkas
  20 bats
  5 frilled lizards
  2 jackal zombies
  A quokka zombie (D:8)
  6 rats
208 creatures vanquished.

Notes
Turn   | Place    | Note
-------+----------+-------------------------------------------
     0 | D:1      | glosham the Ogre Venom Mage began the quest for the Orb.
     0 | D:1      | Reached XP level 1. HP: 16/16 MP: 3/3
    24 | D:1      | Reached skill level 1 in Fighting
    77 | D:1      | Reached skill level 2 in Fighting
    82 | D:1      | Reached XP level 2. HP: 23/28 MP: 1/5
   144 | D:2      | Found an opulent altar of Gozag.
   262 | D:1      | Reached skill level 3 in Fighting
   393 | D:1      | Reached XP level 3. HP: 10/37 MP: 0/6
   531 | D:2      | Became a worshipper of Gozag Ym Sagoz the Greedy
   633 | D:2      | Reached skill level 4 in Fighting
   746 | D:2      | Found a faded altar of an unknown god.
   802 | D:2      | Learned a level 3 spell: Mephitic Cloud
   903 | D:2      | Reached XP level 4. HP: 49/49 MP: 4/7
  1054 | D:2      | Reached skill level 5 in Fighting
  1378 | D:3      | Found a runed door.
  1625 | D:3      | Reached skill level 1 in Axes
  1717 | D:3      | Reached XP level 5. HP: 56/57 MP: 8/8
  1762 | D:3      | Noticed Crazy Yiuf
  1772 | D:3      | Killed Crazy Yiuf
  1772 | D:3      | Reached skill level 2 in Axes
  1956 | D:3      | Found a runed door.
  1957 | D:3      | Noticed Defined's ghost (amateur DrFE)
  2070 | D:3      | Killed Defined's ghost
  2070 | D:3      | Reached skill level 7 in Fighting
  2070 | D:3      | Reached XP level 6. HP: 51/71 MP: 9/9
  2078 | D:3      | Got a twisted flail
  2084 | D:3      | Identified the +8 flail of Earthquakes {crush, Int+3} (You found it on level 3 of the Dungeon)
  2213 | D:4      | Noticed Sigmund
  2225 | D:4      | Killed Sigmund
  2225 | D:4      | Reached skill level 2 in Maces & Flails
  2225 | D:4      | Reached XP level 7. HP: 63/78 MP: 1/10
  2315 | D:4      | Found a white marble altar of Elyvilon.
  2318 | D:4      | Found an ornate altar of the Wu Jian Council.
  2321 | D:4      | Found a deep blue altar of Sif Muna.
  2346 | D:4      | Reached skill level 3 in Maces & Flails
  2354 | D:4      | Noticed Duvessa
  2504 | D:4      | Reached skill level 4 in Maces & Flails
  2545 | D:4      | Found a glowing silver altar of Zin.
  2570 | D:4      | Noticed Grinder
  2586 | D:4      | Killed Grinder
  2586 | D:4      | Reached skill level 5 in Maces & Flails
  2586 | D:4      | Reached XP level 8. HP: 38/87 MP: 11/11
  2603 | D:4      | Found an iron altar of Okawaru.
  2604 | D:4      | Found a bloodstained altar of Trog.
  2661 | D:4      | Noticed Dowan
  2683 | D:4      | Killed Duvessa
  2683 | D:4      | Reached skill level 6 in Maces & Flails
  2689 | D:4      | Killed Dowan
  2768 | D:5      | Entered Level 5 of the Dungeon
  2768 | D:5      | Found a shattered altar of Ashenzari.
  2898 | D:5      | Reached skill level 7 in Maces & Flails
  3012 | D:5      | Found Wejoesk's Distillery.
  3015 | D:5      | Bought a potion of ambrosia for 96 gold pieces
  3015 | D:5      | Bought a potion of agility for 48 gold pieces
  3015 | D:5      | Bought a potion of heal wounds for 60 gold pieces
  3015 | D:5      | Bought a potion of curing for 36 gold pieces
  3015 | D:5      | Bought a potion of brilliance for 48 gold pieces
  3015 | D:5      | Bought a potion of curing for 36 gold pieces
  3015 | D:5      | Bought a potion of heal wounds for 60 gold pieces
  3015 | D:5      | Bought a potion of haste for 120 gold pieces
  3015 | D:5      | Bought a potion of lignification for 36 gold pieces
  3015 | D:5      | Bought a potion of resistance for 120 gold pieces
  3106 | D:5      | Reached skill level 8 in Maces & Flails
  3581 | D:6      | Reached XP level 9. HP: 86/93 MP: 12/12
  3681 | D:6      | Reached skill level 9 in Maces & Flails
  3944 | D:6      | Found a staircase to the Ecumenical Temple.
  4009 | D:6      | Found the +4 Vampire's Tooth {vamp}
  4158 | D:7      | Reached skill level 10 in Maces & Flails
  4691 | D:8      | Found a shattered altar of Ashenzari.
  4783 | D:8      | Reached skill level 11 in Maces & Flails
  4979 | D:8      | Reached XP level 10. HP: 102/102 MP: 13/13
  5234 | D:9      | Reached skill level 12 in Maces & Flails
  5277 | D:9      | Found a radiant altar of Vehumet.
  5312 | D:9      | Noticed a two-headed ogre
  5320 | D:9      | Mangled by a two-headed ogre

Vault maps used:
D:1:      minmay_arrival_radiant_lines
D:2:      nicolae_overflow_crystal_walls, chequers_ecumenical_altar_simple,
          minmay_unequal
D:3:      ebering_ghost_inner_flame, uniq_crazy_yiuf_cottage
D:4:      kennysheep_little_box, grunt_temple_overflow_bloody_war,
          grunt_temple_overflow_diamond, uniq_sigmund, uniq_duvessa,
          uniq_grinder
D:5:      basic_altar, first_ration, serial_shops, kennysheep_mini_moat
D:6:      minmay_temple_entry_trees, corexii_corridor_pit,
          minmay_guarded_unrand_vampires_tooth
D:8:      basic_altar, grunt_livestock
D:9:      vehumet_altar_wand_db

Skill      XL: |  1  2  3  4  5  6  7  8  9 10 |
---------------+-------------------------------+-----
Fighting       | 2 3 4 5 7 |  7.1
Axes           | 1 2 |  2.3
Maces & Flails | 2 5 8 11 12 | 12.1
Dodging        | |  1.7
Stealth        | |  1.4
Spellcasting   | |  2.4
Conjurations   | |  0.8
Poison Magic   | |  2.6

Action                   |  1- 3 |  4- 6 |  7- 9 | 10-12 || total
-------------------------+-------+-------+-------+-------++-------
Melee: Unarmed           |    76 |       |       |       ||    76
       Mace              |    37 |    48 |       |       ||    85
       War axe           |       |    38 |       |       ||    38
       Quarterstaff      |       |    30 |       |       ||    30
       Flail             |       |     6 |   329 |    61 ||   396
Throw: Large rock        |       |     1 |       |       ||     1
       Javelin           |       |       |       |     3 ||     3
 Cast: Sting             |    52 |       |       |       ||    52
       Mephitic Cloud    |     1 |     5 |     6 |       ||    12
Evoke: Wand              |       |       |     3 |       ||     3
  Use: Scroll            |     9 |     9 |     2 |       ||    20
       Potion            |     1 |       |       |       ||     1
 Stab: Confused          |     1 |     2 |     3 |       ||     6
       Distracted        |     1 |       |       |       ||     1
       Sleeping          |       |     1 |     1 |       ||     2
  Eat: Ration            |       |     2 |     3 |     2 ||     7
Armor: Robe              |    48 |    40 |    81 |     9 ||   178
       Skin              |    37 |       |       |       ||    37
Dodge: Dodged            |    91 |    72 |   143 |    16 ||   322

Table legend:
 A = Spawn XP
 B = Non-spawn XP
 C = Spawn XP percentage of total XP
 D = Spawn monster count
 E = Non-spawn monster count
 F = Spawn count percentage of total count
 G = Total turns spent on level
                    A         B        C        D         E        F      G
               +---------+---------+-------+---------+---------+-------+---------
         Total |       0 |    6364 |   0.0 |       0 |     208 |   0.0 |  5320
               +---------+---------+-------+---------+---------+-------+---------
           D:1 |       0 |      41 |   0.0 |       0 |      27 |   0.0 |   473
           D:2 |       0 |      71 |   0.0 |       0 |      22 |   0.0 |   760
           D:3 |       0 |     292 |   0.0 |       0 |      25 |   0.0 |  1004
           D:4 |       0 |    1141 |   0.0 |       0 |      18 |   0.0 |   540
           D:5 |       0 |     784 |   0.0 |       0 |      25 |   0.0 |   744
           D:6 |       0 |    1098 |   0.0 |       0 |      43 |   0.0 |   613
           D:7 |       0 |     784 |   0.0 |       0 |      22 |   0.0 |   444
           D:8 |       0 |    1826 |   0.0 |       0 |      21 |   0.0 |   625
           D:9 |       0 |     327 |   0.0 |       0 |       5 |   0.0 |   117
               +---------+---------+-------+---------+---------+-------+---------

Table legend:
 A = Turns spent in this place as a percentage of turns spent in the entire game.
 B = Non-inter-level travel turns spent in this place as a percentage of non-inter-level travel turns spent in the entire game.
 C = Inter-level travel turns spent in this place as a percentage of turns spent in this place.
 D = Turns resting spent in this place as a percentage of non-inter-level travel turns spent in this place.
 E = Turns spent auto-exploring this place as a percentage of non-inter-level travel turns spent in this place.
 F = Non-inter-level travel turns spent in this place divided by the number of levels of this place that you've seen.
                   A       B       C       D       E      F
               +-------+-------+-------+-------+-------+----------------------
         Total | 100.0 | 100.0 |   6.6 |   2.8 |   0.0 | 552.1
       Dungeon | 100.0 | 100.0 |   6.6 |   2.8 |   0.0 | 552.1
               +-------+-------+-------+-------+-------+----------------------

Table legend:
 A = Kills in this place as a percentage of kills in entire the game.
 B = Kills by you in this place as a percentage of kills by you in the entire game.
 C = Kills by friends in this place as a percentage of kills by friends in the entire game.
 D = Other kills in this place as a percentage of other kills in the entire game.
 E = Experience gained in this place as a percentage of experience gained in the entire game.
 F = Experience gained in this place divided by the number of levels of this place that you have seen.
                   A       B       C       D       E      F
               +-------+-------+-------+-------+-------+----------------------
         Total | 100.0 | 100.0 |   N/A | 100.0 | 100.0 | 707.1
       Dungeon | 100.0 | 100.0 |   N/A | 100.0 | 100.0 | 707.1
               +-------+-------+-------+-------+-------+----------------------

Vault maps used:
D:1:      minmay_arrival_radiant_lines
D:2:      nicolae_overflow_crystal_walls, chequers_ecumenical_altar_simple,
          minmay_unequal
D:3:      ebering_ghost_inner_flame, uniq_crazy_yiuf_cottage
D:4:      kennysheep_little_box, grunt_temple_overflow_bloody_war,
          grunt_temple_overflow_diamond, uniq_sigmund, uniq_duvessa,
          uniq_grinder
D:5:      basic_altar, first_ration, serial_shops, kennysheep_mini_moat
D:6:      minmay_temple_entry_trees, corexii_corridor_pit,
          minmay_guarded_unrand_vampires_tooth
D:8:      basic_altar, grunt_livestock
D:9:      vehumet_altar_wand_db
